 Dungeon Crawl Stone Soup version bcrawl-1.12-8-g964540c432 (webtiles) character file.

Game seed: 14955539521559742537

20 MisterOstroum the Sneak (level 3, 29/29 HPs)
             Began as a Formicid Archaeologist on June 8, 2019.
             Quit the game on level 1 of the Dungeon.
             The game lasted 00:01:11 (184 turns).

MisterOstroum the Sneak (Formicid Archaeologist)     Turns: 184, Time: 00:01:12

Health: 29/29      AC:  7    Str: 16    XL:     3   Next: 0%
Magic:  3/3        EV: 12    Int: 13    God:
Gold:   41         SH:  0    Dex:  9    Spells: 2/2 levels left

rFire    . . .     SeeInvis +   h - +0 hunting sling
rCold    . . .     Gourm    .   (no shield)
rNeg     . . .     Faith    .   a - +1 robe
rPois    .         Spirit   .   (helmet unavailable)
rElec    .         Reflect  .   (no cloak)
rCorr    .         Harm     .   c - +1 pair of gloves
MR       .....                  b - +1 pair of boots
Stlth    ++........             (no amulet)
HPRegen  0.09/turn              (no ring)
MPRegen  0.08/turn              (no ring)

@: studying Maces & Flails
A: permanent stasis, dig shafts and tunnels, four strong arms, antennae 3
a: Dig, Shaft Self


You were on level 1 of the Dungeon.
You were not hungry.

You visited 1 branch of the dungeon, and saw 1 of its levels.

You collected 41 gold pieces.

Inventory:

Hand Weapons
 h - a +0 hunting sling (weapon)
 l - a +0 club
Missiles
 i - 67 sling bullets (quivered)
Armour
 a - a +1 robe (worn)
 b - a +1 pair of boots (worn)
 c - a +1 pair of gloves (worn)
Scrolls
 k - a scroll of enchant weapon {unknown}
Potions
 g - 2 potions of curing {unknown}
Books
 d - a manual of Maces & Flails
Miscellaneous
 f - an ancient crate
Comestibles
 e - a ration {!d}
 j - 5 chunks of flesh


   Skills:
 + Level 3.0 Fighting
 - Level 2.6 Dodging
 - Level 4.0 Stealth


You had 2 spell levels left.
You didn't know any spells.
Your spell library was empty.

Dungeon Overview and Level Annotations

Branches:
Dungeon (1/12)

Altars:


Innate Abilities, Weirdness & Mutations

You cannot be hasted, slowed, berserked, paralysed or teleported.
You can dig through walls and to a lower floor.
Your four strong arms can wield two-handed weapons with a shield.
You have a pair of large antennae on your head. (SInv)


Message History

Press: ? - help, Shift-Dir - straight line, f/p - hobgoblin
Aim: a hobgoblin, wielding a +0 club (severely wounded)
You shoot a sling bullet.
The sling bullet closely misses the hobgoblin.
The hobgoblin closely misses you.
Firing (i - inventory)
i - 78 sling bullets (quivered)
Press: ? - help, Shift-Dir - straight line, f/p - hobgoblin
Aim: a hobgoblin, wielding a +0 club (severely wounded)
You shoot a sling bullet. The sling bullet hits the hobgoblin!
You kill the hobgoblin!
You have reached level 2!
You see here a +0 club.
l - a +0 club Wield which item (- for none, * to show all)? (? for menu, Esc to quit)
Okay, then.
Search for what [? for help]? weapon Unknown command.
Wield which item (- for none, * to show all)? (? for menu, Esc to quit)
Okay, then.
You sense a monster nearby.
You sense a monster nearby.
Number of times to repeat, then command key: You must enter the number of times for the command to repeat.
Unknown command.
No other missiles available.
Use F to throw any item.
A leopard gecko comes into view.
A leopard gecko is nearby!
Firing (i - inventory)
i - 77 sling bullets (quivered)
Press: ? - help, Shift-Dir - straight line, f - leopard gecko
Aim: a leopard gecko (clinging, resting)
You shoot a sling bullet.
The sling bullet hits the leopard gecko!
You kill the leopard gecko!
No target in view!
No target in view!
A giant cockroach and a goblin come into view.
Found a ruby potion.
There are monsters nearby!
Firing (i - inventory)
i - 76 sling bullets (quivered)
Press: ? - help, Shift-Dir - straight line, f - giant cockroach
Aim: a giant cockroach (clinging, resting)
You shoot a sling bullet.
The sling bullet hits the giant cockroach but does no damage.
The goblin shouts!
A goblin comes into view.
Firing (i - inventory)
i - 75 sling bullets (quivered)
Press: ? - help, Shift-Dir - straight line, f/p - giant cockroach
Aim: a giant cockroach You shoot a sling bullet.
The sling bullet hits the goblin.
You kill the goblin!
An ooze comes into view.
Firing (i - inventory)
i - 74 sling bullets (quivered)
Press: ? - help, Shift-Dir - straight line, f - giant cockroach
Aim: a giant cockroach (clinging)
You shoot a sling bullet.
The sling bullet completely misses the giant cockroach.
Firing (i - inventory)
i - 73 sling bullets (quivered)
Press: ? - help, Shift-Dir - straight line, f/p - giant cockroach
Aim: a giant cockroach (clinging)
You shoot a sling bullet.
The sling bullet hits the giant cockroach!
You kill the giant cockroach!
Firing (i - inventory)
i - 72 sling bullets (quivered)
Press: ? - help, Shift-Dir - straight line, f - goblin
Aim: a goblin, wielding a +0 dagger You shoot a sling bullet.
The sling bullet hits the goblin but does no damage.
A hobgoblin comes into view. It is wielding a +0 club.
The goblin hits you but does no damage.
Firing (i - inventory)
i - 71 sling bullets (quivered)
Press: ? - help, Shift-Dir - straight line, f/p - goblin
Aim: a goblin, wielding a +0 dagger You shoot a sling bullet.
The hobgoblin shouts!
The sling bullet hits the goblin!
You kill the goblin!
Firing (i - inventory)
i - 70 sling bullets (quivered)
Press: ? - help, Shift-Dir - straight line, f - ooze
Aim: an ooze You shoot a sling bullet.
The sling bullet hits the ooze!
The ooze is severely wounded.
The ooze jiggles.
The ooze barely misses you.
Firing (i - inventory)
i - 69 sling bullets (quivered)
Press: ? - help, Shift-Dir - straight line, f/p - ooze
Aim: an ooze (severely wounded)
You shoot a sling bullet. The sling bullet hits the ooze!
You kill the ooze!
Firing (i - inventory)
i - 68 sling bullets (quivered)
Press: ? - help, Shift-Dir - straight line, f - hobgoblin
Aim: a hobgoblin, wielding a +0 club You shoot a sling bullet.
The sling bullet hits the hobgoblin!
You kill the hobgoblin!
Your Fighting skill increases to level 3!
You have reached level 3!
Your experience leads to an increase in your attributes!
Increase (S)trength, (I)ntelligence, or (D)exterity?
You feel stronger.
You have an epiphany!
The dusty tome is a manual of Maces & Flails!
Reading it may be key to unlocking the crate...
Are you sure you want to abandon this character and quit the game? (Confirm with "yes".)

### ... # # ..# #!#.
#.. ##..# #)#
.....##.# #
#...††.)#.# #.@..#
.### #.##.#
.....###.##.#
#........#
#...##.##### #. #.#
#.# ###############
#.###.............##
##.##..#####'#####..#


There were no monsters in sight!

Vanquished Creatures
  An ooze (D:1)
  A leopard gecko (D:1)
  2 giant cockroaches (D:1)
  4 goblins (D:1)
  2 hobgoblins (D:1)
  A bat (D:1)
  A rat (D:1)
12 creatures vanquished.

Notes
Turn   | Place    | Note
-------+----------+-------------------------------------------
     0 | D:1      | MisterOstroum the Formicid Archaeologist began the quest
                  | for the Orb.
     0 | D:1      | Reached XP level 1. HP: 15/15 MP: 1/1
   154 | D:1      | Reached XP level 2. HP: 22/22 MP: 2/2
   183 | D:1      | Reached XP level 3. HP: 29/29 MP: 3/3
   184 | D:1      | Quit the game

Skill      XL: |  1  2 |
---------------+-------+-----
Fighting       | 2 3 |  3.0
Dodging        | |  2.6
Stealth        | |  4.0

Action                   || total
-------------------------++-------
Melee: Unarmed           ||     9
 Fire: Hunting sling     ||    22
Armor: Robe              ||    11
Dodge: Dodged            ||    17
